 Dungeon Crawl Stone Soup version 0.27.1-4-g1640c2035a (webtiles) character file.

Game seed: 11364522979152429264

5 Descartes the Magician (level 1, 0/9 HPs)
             Began as a Felid Wanderer on Nov 2, 2021.
             Constricted to death by a ball python (1 damage)
             ... on level 1 of the Dungeon.
             The game lasted 00:00:44 (321 turns).

Descartes the Magician (Felid Wanderer)              Turns: 321, Time: 00:00:44

Health: 0/9        AC:  1    Str:  5    XL:     1   Next: 66%
Magic:  6/6        EV: 13    Int: 16    God:
Gold:   19         SH:  0    Dex: 15    Spells: 7/8 levels left
                                        Lives:  0   Deaths: 0

rFire    . . .     SeeInvis +     - Unarmed
rCold    . . .     Faith    .   (shield unavailable)
rNeg     . . .     Spirit   .   (armour unavailable)
rPois    .         Reflect  .   (helmet unavailable)
rElec    .         Harm     .   (cloak unavailable)
rCorr    .         Rampage  .   (gloves unavailable)
Will     .....                  (boots unavailable)
Stlth    ++........             (no amulet)
HPRegen  0.03/turn              (no ring)
MPRegen  0.10/turn              (no ring)

@: constricted, quick
A: very small, claws 1, fangs 3, see invisible, speed 1, shaggy fur 1, stealthy
paws, no weapons or thrown items, no armour, multi-lived
a: no special abilities


You were on level 1 of the Dungeon.
You visited 1 branch of the dungeon, and saw 1 of its levels.

You collected 19 gold pieces.

Inventory:

Missiles
 d - 5 stones
Scrolls
 a - a scroll of fear
 c - a scroll of blinking {unknown}
 e - 2 scrolls of noise {unknown}
 f - a scroll of identify {unknown}
 g - a scroll of summoning {unknown}
 h - a scroll of enchant weapon {unknown}
Potions
 b - 2 potions of heal wounds


   Skills:
 + Level 1.2 Fighting
 + Level 0.7 Dodging
 + Level 2.9 Stealth
 + Level 2.1 Unarmed Combat
 - Level 4.0 Spellcasting
 - Level 1.0 Air Magic


You had 7 spell levels left.
You knew the following spells:

 Your Spells              Type           Power      Damage    Failure   Level
a - Foxfire               Conj/Fire      12%        2x1d4     17%         1

Your spell library contained the following spells:

 Spells                   Type           Power      Damage    Failure   Level
 Conjure Flame            Conj/Fire      3%         6-21      45%         3


Dungeon Overview and Level Annotations

Branches:
Dungeon (1/15)

Altars:


Innate Abilities, Weirdness & Mutations

You have sharp claws.
You have razor-sharp teeth.
You have supernaturally acute eyesight. (SInv)
You cover ground quickly. (Speed+)
You are covered in fur. (AC +1)
Your paws help you pounce on unaware monsters.
You are incapable of wielding weapons or throwing items.
You cannot wear armour.
You gain extra lives every three experience levels.


Message History

No target in view!
No target in view!
No target in view!
No target in view!
No target in view!
No target in view!
No target in view!
No target in view!
No target in view!
No target in view!
No target in view!
No target in view!
Found a scroll labelled KAUHO ORPHIH.
Found a stone staircase leading down.
e - 2 scrolls labelled KAUHO ORPHIH (gained 1)
A ball python comes into view.
A ball python is nearby!
Found 12 gold pieces.
The ball python hisses angrily.
You closely miss the ball python. The ball python closely misses you.
The ball python grabs you. The ball python constricts you.
You scratch the ball python but do no damage.
The ball python closely misses you. The ball python constricts you.
The ball python bites you. The ball python constricts you.
You closely miss the ball python. The ball python bites you.
The ball python constricts you.
* * * LOW HITPOINT WARNING * * *
You are too injured to fight recklessly!
You are too injured to fight recklessly!
You are too injured to fight recklessly!
You are too injured to fight recklessly!
You are too injured to fight recklessly!
You are too injured to fight recklessly!
You are too injured to fight recklessly!
A ball python is nearby!
You closely miss the ball python. The ball python completely misses you.
The ball python constricts you.
* * * LOW HITPOINT WARNING * * *
You closely miss the ball python. The ball python misses you.
The ball python constricts you.
You die...

### ###.#
##.#.#####...#
......S@.....#
.......#####.#
.....#. #.#
..$. #.#####.#
.## #.#.....#
#.#.#####
#.#.# #.#.#
#.#.######


You could see a ball python.

Vanquished Creatures
  2 bats (D:1)
  An endoplasm (D:1)
  A hobgoblin (D:1)
  A frilled lizard (D:1)
5 creatures vanquished.

Notes
Turn   | Place    | Note
-------+----------+-------------------------------------------
     0 | D:1      | Descartes the Felid Wanderer began the quest for the Orb.
     0 | D:1      | Descartes set off with the following items: a scroll of
                  | fear, a potion of heal wounds; and the following spell
                  | memorised: Foxfire; and the following spells available to
                  | memorise: Conjure Flame
     0 | D:1      | Reached XP level 1. HP: 9/9 MP: 6/6
   321 | D:1      | Constricted to death by a ball python

Illustrated notes

Levels and vault maps discovered:
D:1:      lightli_arrival_chessboard, layout_basic,
          hangedman_decor_clover_reticule

Action                   || total
-------------------------++-------
Melee: Unarmed           ||    10
 Stab: Sleeping          ||     3
Armor: Skin              ||     1
Dodge: Dodged            ||     4
